 Dungeon Crawl Stone Soup version 0.24-a0-291-g79c1ce7 (webtiles) character file.

Game seed: 11430215995119534389

152 MatthieuS the Magician (level 5, -2/30 HPs)
             Began as a Deep Elf Ice Elementalist on May 11, 2019.
             Slain by a gnoll
             ... wielding a +0 club
              (11 damage)
             ... on level 3 of the Dungeon.
             The game lasted 00:05:24 (3043 turns).

MatthieuS the Magician (Deep Elf Ice Elementalist)  Turns: 3043, Time: 00:05:25

Health: -2/30      AC:  8    Str:  9 (10) XL:     5   Next: 11%
Magic:  1/13       EV:  7    Int: 20 (21) God:
Gold:   173        SH:  0    Dex: 18 (19) Spells: 2/12 levels left

rFire    . . .     SeeInvis .   a - +2 dagger (drain)
rCold    . . .     Gourm    .   (no shield)
rNeg     . . .     Faith    .   f - +0 robe
rPois    .         Spirit   .   k - +0 helmet
rElec    .         Reflect  .   (no cloak)
rCorr    .         Harm     .   (no gloves)
MR       .....                  (no boots)
Stlth    +++.......             (no amulet)
HPRegen  0.10/turn              h - +4 ring of dexterity
MPRegen  0.13/turn              (no ring)

@: mighty, icy armour, held
A: no striking features
a: no special abilities


You were on level 3 of the Dungeon.
You were not hungry.

You visited 1 branch of the dungeon, and saw 3 of its levels.

You collected 173 gold pieces.

Inventory:

Hand Weapons
 a - a +2 dagger of draining (weapon)
   (You took it off a goblin on level 1 of the Dungeon)
 n - a +1 mace of holy wrath
   (You found it on level 3 of the Dungeon)
Armour
 f - a +0 robe (worn)
 k - a +0 helmet (worn)
   (You found it on level 3 of the Dungeon)
Jewellery
 h - a +4 ring of dexterity (left hand)
   (You found it on level 2 of the Dungeon)
Scrolls
 c - 3 scrolls of remove curse {@r2}
 d - 2 scrolls of teleportation {@r4}
 j - a scroll of magic mapping {unknown}
Potions
 b - a potion of curing {@q1}
 g - a potion of flight {unknown}
 m - a potion of degeneration {!q}
Comestibles
 e - 6 rations


   Skills:
 + Level 1.8 Fighting
 - Level 2.4 Dodging
 + Level 3.8 Stealth
 + Level 4.3 Spellcasting
 + Level 1.5 Conjurations
 + Level 4.2 Ice Magic


You had 2 spell levels left.
You knew the following spells:

 Your Spells              Type           Power        Failure   Level  Hunger
a - Freeze                Ice            ###.         2%          1    None
b - Throw Frost           Conj/Ice       ###...       5%          2    #......
c - Ozocubu's Armour      Chrm/Ice       ##......     16%         3    ###....
d - Throw Icicle          Conj/Ice       ###.....     36%         4    ####...

Your spell library contained the following spells:

 Spells                   Type           Power        Failure   Level  Hunger
 Summon Ice Beast         Ice/Summ       ##......     45%         4    ####...


Dungeon Overview and Level Annotations

Branches:
Dungeon (3/15)

Altars:
Hepliaklqana
Nemelex Xobeh


Message History

You freeze the adder.
The adder seems to slow down.
A film of ice covers your body! The adder completely misses you.
You hit the adder. The adder barely misses you.
You miss the adder. The gnoll barely misses you.
The adder bites you but does no damage.
It was a potion of degeneration.
There was something very wrong with that liquid.
You feel weakened.
You feel dopey.
You feel clumsy. The gnoll barely misses you.
The adder bites you but does no damage.
It was a potion of curing.
You feel better. The gnoll closely misses you.
You closely miss the adder. The gnoll hits you but does no damage.
The adder barely misses you.
You hit the adder but do no damage.
The gnoll hits you from afar with a +0 spear.
* * * LOW HITPOINT WARNING * * *
The adder bites you but does no damage.
You completely miss the adder.
The adder is no longer moving slowly.
The gnoll hits you from afar with a +0 spear.
* * * LOW HITPOINT WARNING * * *
The adder bites you but does no damage.
Your icy armour cracks and falls away as you move.
You barely miss the adder. The adder bites you but does no damage.
You closely miss the adder. The adder closely misses you.
The adder bites you but does no damage.
You closely miss the adder. The adder bites you but does no damage.
You hit the adder.
You kill the adder!
The gnoll hits you from afar with a +0 spear.
* * * LOW HITPOINT WARNING * * *
The gnoll closely misses you.
You see here an adder corpse.
Aim: a gnoll, wielding a +0 spear You freeze the gnoll!
The gnoll misses you. A film of ice covers your body!
The gnoll hits you but does no damage.
Aim: a gnoll, wielding a +0 spear (heavily wounded)
You freeze the gnoll!
You kill the gnoll!
You have reached level 5!
You hit the gnoll. You drain the gnoll.
You kill the gnoll!
The gnoll throws a throwing net.
The throwing net hits you.
You become entangled in the net!
You struggle against the net.
The gnoll hits you with a +0 club.
* * * LOW HITPOINT WARNING * * *
You struggle against the net.
The gnoll hits you with a +0 club.
* * * LOW HITPOINT WARNING * * *
It was a potion of might.
You feel very mighty all of a sudden. The gnoll hits you with a +0 club!
You die...

#(## #...?...# #.#
+.#...#.+ #.# #.S.gg..#
#.# #.g.#...#
#)##########...g...#
#.##.......####'#
#.##.#####.)...g#
#.##.#...##...#####
#.##.#.......gg@..#
#.>......##.#####.......
####.######.# #######
#)######.# #........#
##########


You could see 2 gnolls.

Vanquished Creatures
  A hound (D:2)
  2 gnolls (D:3)
  2 adders
  3 leopard geckos
  10 orcs (D:3)
  4 bats (D:2)
  A giant cockroach (D:1)
  7 goblins
  5 hobgoblins
  9 jackals
  3 quokkas (D:2)
  6 frilled lizards
  4 kobolds
  13 rats
70 creatures vanquished.

Notes
Turn   | Place    | Note
-------+----------+-------------------------------------------
     0 | D:1      | MatthieuS the Deep Elf Ice Elementalist began the quest for
                  | the Orb.
     0 | D:1      | Reached XP level 1. HP: 10/10 MP: 6/6
   381 | D:1      | Reached XP level 2. HP: 16/16 MP: 2/8
   726 | D:1      | Learned a level 2 spell: Throw Frost
  1387 | D:2      | Reached XP level 3. HP: 20/20 MP: 7/10
  1398 | D:2      | Reached skill level 1 in Fighting
  1511 | D:2      | Found a sparkling altar of Nemelex Xobeh.
  1538 | D:2      | Reached XP level 4. HP: 20/25 MP: 7/11
  1630 | D:2      | Learned a level 3 spell: Ozocubu's Armour
  1635 | D:2      | Learned a level 4 spell: Throw Icicle
  2143 | D:3      | Found a hazy altar of Hepliaklqana.
  3039 | D:3      | Reached XP level 5. HP: 11/30 MP: 0/13
  3043 | D:3      | Slain by a gnoll

Levels and vault maps discovered:
D:1:      dpeg_arrival_arbitrary_b, layout_loops_ring
D:2:      layout_rooms, first_ration, nemelex_spade_bored_becter
D:3:      layout_loops_corners, nicolae_overflow_hidden_temple, serial_rivers,
          chequers_serial_rivers_marsh, chequers_serial_rivers_micro_d,
          chequers_serial_rivers_room_b, chequers_serial_rivers_micro_c,
          chequers_serial_rivers_room_b, kennysheep_generic_room_10

Skill      XL: |  1  2  3  4 |
---------------+-------------+-----
Stealth        | 3 |  3.8
Fighting       | 1 |  1.8
Spellcasting   | 4 |  4.3
Ice Magic      | 4 |  4.2
Dodging        | |  2.4
Conjurations   | |  1.5

Action                   |  1- 3 |  4- 6 || total
-------------------------+-------+-------++-------
Melee: Dagger            |    14 |    40 ||    54
 Cast: Freeze            |    40 |    31 ||    71
       Throw Frost       |     1 |    12 ||    13
       Ozocubu's Armour  |       |     4 ||     4
  Use: Scroll            |       |     3 ||     3
       Potion            |       |     3 ||     3
  Eat: Chunk             |     2 |     5 ||     7
Armor: Robe              |     7 |    22 ||    29
Dodge: Dodged            |    22 |    45 ||    67

Table legend:
 A = Non-vault XP
 B = Vault XP
 C = Vault XP percentage of total XP
 D = Non-vault monster count
 E = Vault monster count
 F = Vault count percentage of total count
                 A         B        C        D         E       F
            +---------+---------+-------+---------+---------+-------
      Total |     204 |      14 |   6.4 |      69 |       1 |   1.4
            +---------+---------+-------+---------+---------+-------
        D:1 |      30 |       0 |   0.0 |      19 |       0 |   0.0
        D:2 |     110 |       0 |   0.0 |      34 |       0 |   0.0
        D:3 |      64 |      14 |  17.9 |      16 |       1 |   5.9
            +---------+---------+-------+---------+---------+-------
